 Dungeon Crawl Stone Soup version 0.28-a0-1629-gf728b707aa (webtiles) character file.

Game seed: 3212900966370478106

317 testman the Stinger (level 6, -5/36 HPs)
             Began as an Octopode Venom Mage on Jan 24, 2022.
             Killed from afar by an orc wizard (10 damage)
             ... with a puff of flame
             ... on level 4 of the Dungeon.
             The game lasted 00:21:25 (4711 turns).

testman the Stinger (Octopode Venom Mage)           Turns: 4711, Time: 00:21:26

Health: -5/36      AC:  1    Str:  8    XL:     6   Next: 44%
Magic:  8/11       EV: 13    Int: 19    God:
Gold:   150        SH:  0    Dex: 12    Spells: 1/11 levels left

rFire   . . .      SeeInvis .   i - +1 dagger (speed)
rCold   . . .      Faith    .   (no shield)
rNeg    . . .      Spirit   .   (helmet restricted)
rPois   .          Reflect  .   (no amulet)
rElec   .          Harm     .   (no ring)
rCorr   .          Rampage  .   (no ring)
Will    .....                   (no ring)
Stlth   +++.......              (no ring)
HPRegen 0.12/turn               (no ring)
MPRegen 0.12/turn               (no ring)
                                (no ring)
                                (no ring)

@: no status effects
A: almost no armour, amphibious, 8 rings, camouflage 1, gelatinous body 1,
(nimble swimmer 1), tentacles
a: no special abilities


You were on level 4 of the Dungeon.
You visited 1 branch of the dungeon, and saw 4 of its levels.

You collected 150 gold pieces.

Inventory:

Hand Weapons
 i - a +1 dagger of speed (weapon)
Missiles
 c - 65 stones
 d - 5 poisoned darts
 l - 6 boomerangs
Scrolls
 b - a scroll of blinking
 g - 2 scrolls of magic mapping {unknown}
 j - 3 scrolls of identify {unknown}
 k - 2 scrolls of enchant weapon {unknown}
 o - 3 scrolls of immolation {unknown}
 p - a scroll of torment {unknown}
 q - a scroll of fog {unknown}
 r - a scroll of fear {unknown}
Potions
 a - 2 potions of invisibility {unknown}
 e - 2 potions of degeneration {unknown}
 f - 3 potions of curing
 h - a potion of flight {unknown}
 m - a potion of cancellation {unknown}
 n - a potion of attraction {unknown}


   Skills:
 - Level 2.1 Dodging
 - Level 3.0 Stealth
 + Level 3.4 Spellcasting
 + Level 2.1 Conjurations
 - Level 1.2 Transmutations
 - Level 2.0 Air Magic
 - Level 6.0 Poison Magic


You had one spell level left.
You knew the following spells:

 Your Spells              Type           Power      Damage    Failure   Level
a - Sting                 Tmut/Pois      68%        1d6       3%          1
b - Poisonous Vapours     Pois/Air       36%        N/A       4%          2
c - Olgreb's Toxic Radia  Pois           26%        N/A       12%         4
d - Mephitic Cloud        Conj/Pois/Air  16%        N/A       11%         3

Your spell library contained the following spells:

 Spells                   Type           Power      Damage    Failure   Level
 Animate Skeleton         Necr           6%         N/A       14%         1
 Pain                     Necr           12%        1d4       14%         1
 Summon Small Mammal      Summ           12%        N/A       14%         1
 Stone Arrow              Conj/Erth      14%        3d7       28%         3
 Call Canine Familiar     Summ           3%         N/A       41%         3
 Summon Guardian Golem    Hex/Summ       3%         N/A       41%         3
 Vampiric Draining        Necr           3%         2d6       41%         3
 Lehudib's Crystal Spear  Conj/Erth      3%         10d3      100%        8
 Animate Armour           Summ/Erth      Unusable   N/A       N/A         4

Dungeon Overview and Level Annotations

Branches:
Dungeon (4/15)
 Temple: D:4-7

Altars:
Cheibriados
Elyvilon
Nemelex Xobeh
Wu Jian
Beogh


Innate Abilities, Weirdness & Mutations

You cannot wear most types of armour.
You are amphibious.
You can wear up to eight rings at the same time.
Your skin changes colour to match your surroundings (Stealth+).
Your rubbery body absorbs attacks. (AC +1, EV +1)
((You are camouflaged when in or above water. (Stealth+)))
You have tentacles for arms and can constrict up to eight enemies at once.


Message History

The centaur skeleton misses you.
The centaur skeleton kicks you but does no damage.
A magic dart appears from out of thin air!
The magic dart hits you!
You hit the centaur skeleton.
The centaur skeleton is severely damaged.
The centaur skeleton barely misses you. x2
You hit the centaur skeleton. You squeeze the centaur skeleton.
The centaur skeleton is almost destroyed.
The centaur skeleton hits you. The centaur skeleton kicks you.
You hit the centaur skeleton but do no damage.
The centaur skeleton is almost destroyed.
The centaur skeleton closely misses you.
The centaur skeleton kicks you.
You hit the centaur skeleton.
You destroy the centaur skeleton!
Your Conjurations skill increases to level 2!
You closely miss something. You miss something. Your squeeze misses something.
Something hits you.
Casting: Sting (safe; 3% risk of failure)
Confirm with . or Enter, or press ? or * to list all spells.
Okay, then.
Unknown command.
Casting: Sting (safe; 3% risk of failure)
Confirm with . or Enter, or press ? or * to list all spells.
Aiming: Sting (safe; 3% risk of failure)
Press: ? - help, Shift-Dir - straight line The sting hits something.
Something hits you.
Casting: Sting (safe; 3% risk of failure)
Confirm with . or Enter, or press ? or * to list all spells.
Aiming: Sting (safe; 3% risk of failure)
Press: ? - help, Shift-Dir - straight line The sting hits something.
Something hits you.
* * * LOW HITPOINT WARNING * * *
A magic dart appears from out of thin air!
The magic dart hits you.
* * * LOW HITPOINT WARNING * * *
A puff of flame appears from out of thin air!
The puff of flame hits you!
You die...

..##.#....#.######## ### ##
.###.+....'...># .. ..#
###.......##.#[# .##..##
##(..#....##.#.# ###.#8..8#
#....#....##...# #......>..
#....########..# #.........
##...# #..# #...#
###..#########.######...##..
.###............@..{.........
..##.#######....#####........
.....# #....# ...####.##
.##.## #....##.##.# .#
.#..###########..#.##.# .
.#...†.............##.# .
.#.############..####.# ...#
##.## .# #..# #..#


There were no monsters in sight!

Vanquished Creatures
  A centaur skeleton (D:4)
  A centaur zombie (D:4)
  3 orc wizards (D:3)
  5 gnolls
  5 adders
  2 worms
  2 dart slugs
  2 orcs (D:3)
  7 ball pythons
  7 bats
  10 endoplasms
  3 giant cockroaches
  9 goblins
  6 hobgoblins
  2 jackals (D:4)
  3 kobolds
  2 quokkas
  A frilled lizard (D:3)
  10 rats
81 creatures vanquished.

Notes
Turn   | Place    | Note
-------+----------+-------------------------------------------
     0 | D:1      | testman the Octopode Venom Mage began the quest for the
                  | Orb.
     0 | D:1      | Reached XP level 1. HP: 11/11 MP: 3/3
    25 | D:1      | Reached XP level 2. HP: 5/17 MP: 5/5
   334 | D:1      | Reached skill level 4 in Poison Magic
   565 | D:1      | Reached XP level 3. HP: 15/21 MP: 6/6
   686 | D:1      | Found a faded altar of an unknown god.
  1148 | D:1      | Reached skill level 5 in Poison Magic
  1658 | D:2      | Reached XP level 4. HP: 27/27 MP: 7/7
  1742 | D:2      | Learned a level 2 spell: Poisonous Vapours
  2151 | D:3      | Found a snail-covered altar of Cheibriados.
  2200 | D:3      | Learned a level 4 spell: Olgreb's Toxic Radiance
  2267 | D:3      | Reached skill level 1 in Air Magic
  2403 | D:3      | Found a sparkling altar of Nemelex Xobeh.
  2501 | D:3      | Found a white marble altar of Elyvilon.
  2838 | D:3      | HP: 1/27 [something/magic dart (6)]
  3145 | D:3      | Reached XP level 5. HP: 31/31 MP: 0/8
  3319 | D:3      | Found a faded altar of an unknown god.
  3323 | D:3      | Found an ornate altar of the Wu Jian Council.
  3403 | D:3      | Reached skill level 6 in Poison Magic
  3885 | D:4      | Reached skill level 1 in Conjurations
  4094 | D:4      | Reached XP level 6. HP: 20/36 MP: 5/10
  4229 | D:4      | Learned a level 3 spell: Mephitic Cloud
  4711 | D:4      | Killed from afar by an orc wizard

Illustrated notes

Levels and vault maps discovered:
D:1:      lightli_arrival_flooded_house, layout_rooms,
          hellmonk_ecumenical_altar_defaced_shrine
D:2:      layout_rooms
D:3:      layout_basic, mainiacjoe_overflow_brackets,
          nicolae_overflow_ecumenical_swirl, mainiacjoe_overflow_catch_the_wave,
          minmay_bisected
D:4:      layout_basic, minivault_19, st_stairs_6, minmay_close_crescents

Skill      XL: |  1  2  3  4  5  6 |
---------------+-------------------+-----
Stealth        | 3 |  3.0
Poison Magic   | 4 5 6 |  6.0
Air Magic      | 1 2 |  2.0
Conjurations   | 1 2 |  2.1
Spellcasting   | 3 |  3.4
Dodging        | |  2.1
Transmutations | |  1.2

Action                   |  1- 3 |  4- 6 || total
-------------------------+-------+-------++-------
Melee: Unarmed           |     5 |       ||     5
       Tentacles         |    14 |    28 ||    42
       Constrict         |    21 |    18 ||    39
       Spear             |    71 |       ||    71
       Dagger            |    19 |   111 ||   130
       Punch             |       |     1 ||     1
Throw: Dart              |       |     2 ||     2
 Cast: Sting             |     5 |    22 ||    27
       Poisonous Vapours |       |    17 ||    17
  Use: Scroll            |       |     1 ||     1
       Potion            |       |     1 ||     1
 Stab: Sleeping          |    11 |     7 ||    18
Armor: Skin              |    10 |     2 ||    12
Dodge: Dodged            |    43 |    41 ||    84

Table legend: (Time is in decaauts)
 A = Elapsed time spent in this place.
 B = Non-inter-level travel time spent in this place.
 C = Inter-level travel time spent in this place.
 D = Time resting spent in this place.
 E = Time spent auto-exploring this place.
 F = Levels seen in this place.
 G = Mean time per level.
                   A        B        C        D        E       F      G
               +--------+--------+--------+--------+--------+-----+--------+
         Total |   4674 |   4608 |     66 |   2085 |   1893 |   4 | 1168.5 |
       Dungeon |   4674 |   4608 |     66 |   2085 |   1893 |   4 | 1168.5 |
               +--------+--------+--------+--------+--------+-----+--------+

Top non-repeatable levels by time:
     D:3: 1414 daAuts
     D:1: 1373 daAuts
     D:2: 943 daAuts
     D:4: 943 daAuts
